TOP OF THE 1ST |
Kingston Township Legion batting - Pitching for Detroit Renaissance : RHP Kuemon Hirata
|
Pitching: RHP Kuemon Hirata
|
|
Batting: LHB Forrest McCooke
|
0-0: Ball 1-0: Swinging Strike 1-1: Called Strike 1-2: Strikes out swinging
|
Batting: LHB Gonzalo López
|
0-0: Ball 1-0: Called Strike 1-1: Swinging Strike 1-2: Foul Ball, location: 2F 1-2: Strikes out looking
|
Batting: RHB Layton Templeman
|
0-0: Called Strike 0-1: Swinging Strike 0-2: SINGLE (Line Drive, 89S)
|
Batting: LHB Clay Rush
|
0-0: Called Strike 0-1: Foul Ball, location: 2F 0-2: Foul Ball, location: 2F 0-2: Ground out 4-3 (Groundball, 34)
|
Top of the 1st over - 0 run(s), 1 hit(s), 0 error(s), 1 left on base; Kingston Township 0 - Detroit 0 |
BOTTOM OF THE 1ST |
Detroit Renaissance batting - Pitching for Kingston Township Legion : RHP Alfonso Miranda
|
Pitching: RHP Alfonso Miranda
|
|
Batting: RHB Kyle Bywaters
|
0-0: Ball 1-0: DOUBLE (Line Drive, 7LM)
|
Batting: RHB Bernardo Herrera
|
0-0: Ball Throwing error on steal attempt, E2 Kyle Bywaters scores 1-0: Ground out 5-3 (Groundball, 56S)
|
Batting: LHB Gregory Johnson
|
0-0: Ball 1-0: Called Strike 1-1: Foul Ball, location: 2F 1-2: Ball 2-2: Ball 3-2: Base on Balls
|
Batting: LHB Juan González
|
0-0: Ball 1-0: Swinging Strike 1-1: Foul Ball, location: 2F 1-2: Ball 2-2: Ball 3-2: Fly out, F7 (Flyball, 7M)
|
Batting: LHB Mike Silver
|
0-0: Ball Gregory Johnson is caught stealing 2nd base
|
Bottom of the 1st over - 1 run(s), 1 hit(s), 1 error(s), 0 left on base; Kingston Township 0 - Detroit 1 |
TOP OF THE 2ND |
Kingston Township Legion batting - Pitching for Detroit Renaissance : RHP Kuemon Hirata
|
Batting: RHB Akihiko Oike
|
0-0: Ball 1-0: Swinging Strike 1-1: Swinging Strike 1-2: Ground out 6-3 (Groundball, 6M)
|
Batting: RHB Pedro Mendoza
|
0-0: Ball 1-0: Fly out, F8 (Flyball, 8LXD)
|
Batting: RHB Noel Wells
|
0-0: Called Strike 0-1: Ball 1-1: Ball 2-1: Called Strike 2-2: Strikes out swinging
|
Top of the 2nd over - 0 run(s), 0 hit(s), 0 error(s), 0 left on base; Kingston Township 0 - Detroit 1 |
BOTTOM OF THE 2ND |
Detroit Renaissance batting - Pitching for Kingston Township Legion : RHP Alfonso Miranda
|
Batting: LHB Mike Silver
|
0-0: Called Strike 0-1: Hit by Pitch
|
Batting: RHB Lonnie Conrad
|
0-0: Called Strike Mike Silver steals 2nd base 0-1: Foul Ball, location: 2F 0-2: Ball 1-2: Ball 2-2: Foul Ball, location: 2F 2-2: Ground out 5-3 (Groundball, 56)
|
Batting: LHB Luis Rodríguez
|
0-0: Ball 1-0: Fly out, F8 (Popup, 4MD)
|
Batting: RHB Eric D'Angle
|
0-0: Swinging Strike 0-1: Called Strike 0-2: Strikes out looking
|
Bottom of the 2nd over - 0 run(s), 0 hit(s), 0 error(s), 1 left on base; Kingston Township 0 - Detroit 1 |
TOP OF THE 3RD |
Kingston Township Legion batting - Pitching for Detroit Renaissance : RHP Kuemon Hirata
|
Batting: RHB Stan Pierce
|
0-0: Ball 1-0: Ball 2-0: Bunted foul 2-1: Foul Ball, location: 2F 2-2: Foul Ball, location: 2F 2-2: Fly out, F8 (Flyball, 8RM)
|
Batting: RHB Jon Erickson
|
0-0: Ball 1-0: Ball 2-0: Fly out, F9 (Line Drive, 89M)
|
Batting: LHB Forrest McCooke
|
0-0: Called Strike 0-1: Ball 1-1: Ball 2-1: Bunted foul 2-2: Foul Ball, location: 2F 2-2: Ball 3-2: Ground out 4-3 (Groundball, 34)
|
Top of the 3rd over - 0 run(s), 0 hit(s), 0 error(s), 0 left on base; Kingston Township 0 - Detroit 1 |
BOTTOM OF THE 3RD |
Detroit Renaissance batting - Pitching for Kingston Township Legion : RHP Alfonso Miranda
|
Batting: LHB Greg Robinson
|
0-0: Fly out, F7 (Flyball, 7M)
|
Batting: RHB Kyle Bywaters
|
0-0: Ball 1-0: Ball 2-0: Called Strike 2-1: Ball 3-1: SINGLE (Groundball, 5D)
|
Batting: RHB Bernardo Herrera
|
0-0: Ball 1-0: Ball Kyle Bywaters steals 2nd base 2-0: Swinging Strike 2-1: Foul Ball, location: 2F 2-2: Foul Ball, location: 2F 2-2: Fly out, F4 (Popup, 4)
|
Batting: LHB Gregory Johnson
|
0-0: Foul Ball, location: 2F 0-1: Foul Ball, location: 2F 0-2: SINGLE (Line Drive, 89S) Kyle Bywaters to third Runner from 3rd tries for Home, SAFE, no throw or cutoff
|
Batting: LHB Juan González
|
0-0: Called Strike Gregory Johnson is caught stealing 2nd base
|
Bottom of the 3rd over - 1 run(s), 2 hit(s), 0 error(s), 0 left on base; Kingston Township 0 - Detroit 2 |
TOP OF THE 4TH |
Kingston Township Legion batting - Pitching for Detroit Renaissance : RHP Kuemon Hirata
|
Batting: LHB Gonzalo López
|
0-0: Ball 1-0: Foul Ball, location: 2F 1-1: Foul Ball, location: 2F 1-2: Fly out, F7 (Flyball, 78D)
|
Batting: RHB Layton Templeman
|
0-0: Ball 1-0: Ball 2-0: SINGLE (Flyball, 6MD)
|
Batting: LHB Clay Rush
|
0-0: Ball 1-0: Ball Layton Templeman steals 2nd base 2-0: Ball 3-0: Base on Balls
|
Batting: RHB Akihiko Oike
|
0-0: Ball 1-0: Ball 2-0: Called Strike 2-1: Ball 3-1: Foul Ball, location: 2F 3-2: Strikes out looking
|
Batting: RHB Pedro Mendoza
|
0-0: Fly out, F7 (Flyball, 78D)
|
Top of the 4th over - 0 run(s), 1 hit(s), 0 error(s), 2 left on base; Kingston Township 0 - Detroit 2 |
BOTTOM OF THE 4TH |
Detroit Renaissance batting - Pitching for Kingston Township Legion : RHP Alfonso Miranda
|
Batting: LHB Juan González
|
0-0: Ball 1-0: Called Strike 1-1: Ball 2-1: Swinging Strike 2-2: Ground out 4-3 (Groundball, 34)
|
Batting: LHB Mike Silver
|
0-0: Ball 1-0: Called Strike 1-1: Swinging Strike 1-2: Strikes out swinging
|
Batting: RHB Lonnie Conrad
|
0-0: Called Strike 0-1: Called Strike 0-2: Strikes out swinging
|
Bottom of the 4th over - 0 run(s), 0 hit(s), 0 error(s), 0 left on base; Kingston Township 0 - Detroit 2 |
TOP OF THE 5TH |
Kingston Township Legion batting - Pitching for Detroit Renaissance : RHP Kuemon Hirata
|
Batting: RHB Noel Wells
|
0-0: Called Strike 0-1: Ball 1-1: SINGLE (Line Drive, 89S)
|
Batting: RHB Stan Pierce
|
0-0: Sac Bunt - play at first, batter OUT! 5-4 Noel Wells to second
|
Batting: RHB Jon Erickson
|
0-0: Called Strike 0-1: Ball 1-1: Foul Ball, location: 2F 1-2: Fly out, F9 (Flyball, 9D) Runner from 2nd tags up, SAFE at 3rd, no throw
|
Batting: LHB Forrest McCooke
|
0-0: Foul Ball, location: 2F 0-1: Called Strike 0-2: Ground out 5-3 (Groundball, 56)
|
Top of the 5th over - 0 run(s), 1 hit(s), 0 error(s), 1 left on base; Kingston Township 0 - Detroit 2 |
BOTTOM OF THE 5TH |
Detroit Renaissance batting - Pitching for Kingston Township Legion : RHP Alfonso Miranda
|
Batting: LHB Luis Rodríguez
|
0-0: Ball 1-0: SINGLE (Line Drive, 7S)
|
Batting: RHB Eric D'Angle
|
0-0: Fly out, F4 (Popup, 9LSF)
|
Batting: LHB Greg Robinson
|
0-0: Ball 1-0: Swinging Strike 1-1: Called Strike 1-2: Strikes out swinging
|
Batting: RHB Kyle Bywaters
|
0-0: Fly out, F7 (Flyball, 7LM)
|
Bottom of the 5th over - 0 run(s), 1 hit(s), 0 error(s), 1 left on base; Kingston Township 0 - Detroit 2 |
TOP OF THE 6TH |
Kingston Township Legion batting - Pitching for Detroit Renaissance : RHP Kuemon Hirata
|
Batting: LHB Gonzalo López
|
0-0: Ball 1-0: Foul Ball, location: 2F 1-1: Ball 2-1: Ball 3-1: Swinging Strike 3-2: Foul Ball, location: 2F 3-2: Base on Balls
|
Batting: RHB Layton Templeman
|
0-0: Called Strike 0-1: Ball 1-1: Fly out, F4 (Popup, 4D)
|
Batting: LHB Clay Rush
|
0-0: Ball 1-0: Ball 2-0: Grounds into double play, U4-3 (Groundball, 4)
|
Top of the 6th over - 0 run(s), 0 hit(s), 0 error(s), 0 left on base; Kingston Township 0 - Detroit 2 |
BOTTOM OF THE 6TH |
Detroit Renaissance batting - Pitching for Kingston Township Legion : RHP Alfonso Miranda
|
Batting: RHB Bernardo Herrera
|
0-0: Foul Ball, location: 2F 0-1: Swinging Strike 0-2: Foul Ball, location: 2F 0-2: Ball 1-2: Ball 2-2: Foul Ball, location: 2F 2-2: Strikes out swinging
|
Batting: LHB Gregory Johnson
|
0-0: Fly out, F8 (Flyball, 8RM)
|
Batting: LHB Juan González
|
0-0: Ground out 4-3 (Groundball, 13)
|
Bottom of the 6th over - 0 run(s), 0 hit(s), 0 error(s), 0 left on base; Kingston Township 0 - Detroit 2 |
TOP OF THE 7TH |
Kingston Township Legion batting - Pitching for Detroit Renaissance : RHP Kuemon Hirata
|
Batting: RHB Akihiko Oike
|
0-0: Called Strike 0-1: Ball 1-1: Ball 2-1: DOUBLE (Flyball, 78D)
|
Batting: RHB Pedro Mendoza
|
0-0: Ball 1-0: Swinging Strike 1-1: Swinging Strike 1-2: Ball 2-2: Foul Ball, location: 2F 2-2: Strikes out looking
|
Pitching: RHP Jack Carr
|
|
Batting: RHB Noel Wells
|
0-0: Foul Ball, location: 2F 0-1: Called Strike 0-2: Ground out 6-3 (Groundball, 6M) Akihiko Oike to third
|
Batting: RHB Stan Pierce
|
0-0: Ball 1-0: Ball 2-0: Foul Ball, location: 2F 2-1: Foul Ball, location: 2F 2-2: Foul Ball, location: 2F 2-2: Ball 3-2: Strikes out swinging
|
Top of the 7th over - 0 run(s), 1 hit(s), 0 error(s), 1 left on base; Kingston Township 0 - Detroit 2 |
BOTTOM OF THE 7TH |
Detroit Renaissance batting - Pitching for Kingston Township Legion : RHP Alfonso Miranda
|
Batting: LHB Mike Silver
|
0-0: Fly out, F5 (Popup, 5SF)
|
Batting: RHB Lonnie Conrad
|
0-0: Ball 1-0: Called Strike 1-1: Called Strike 1-2: Foul Ball, location: 2F 1-2: Strikes out swinging
|
Batting: LHB Luis Rodríguez
|
0-0: Called Strike 0-1: Foul Ball, location: 2F 0-2: Fly out, F6 (Popup, 6D)
|
Bottom of the 7th over - 0 run(s), 0 hit(s), 0 error(s), 0 left on base; Kingston Township 0 - Detroit 2 |
TOP OF THE 8TH |
Kingston Township Legion batting - Pitching for Detroit Renaissance : RHP Jack Carr
|
Now at 1B: Harry Fuller
|
|
Batting: RHB Jon Erickson
|
0-0: Ball 1-0: Foul Ball, location: 2F 1-1: Ground out 5-3 (Groundball, 56)
|
Batting: LHB Forrest McCooke
|
0-0: Ball 1-0: Fly out, F7 (Flyball, 7D)
|
Batting: LHB Gonzalo López
|
0-0: Called Strike 0-1: DOUBLE (Groundball, 3L)
|
Batting: RHB Layton Templeman
|
0-0: Ball 1-0: Fly out, F9 (Flyball, 89M)
|
Top of the 8th over - 0 run(s), 1 hit(s), 0 error(s), 1 left on base; Kingston Township 0 - Detroit 2 |
BOTTOM OF THE 8TH |
Detroit Renaissance batting - Pitching for Kingston Township Legion : RHP Alfonso Miranda
|
Pitching: RHP Bruce Hamilton
|
|
Batting: RHB Eric D'Angle
|
0-0: Called Strike 0-1: Ball 1-1: Swinging Strike 1-2: Ball 2-2: Strikes out swinging
|
Batting: LHB Greg Robinson
|
0-0: Ball 1-0: Swinging Strike 1-1: Swinging Strike 1-2: Ground out 3-1 (Groundball, 34)
|
Batting: RHB Kyle Bywaters
|
0-0: Ball 1-0: Ball 2-0: Foul Ball, location: 2F 2-1: Called Strike 2-2: Strikes out looking
|
Bottom of the 8th over - 0 run(s), 0 hit(s), 0 error(s), 0 left on base; Kingston Township 0 - Detroit 2 |
TOP OF THE 9TH |
Kingston Township Legion batting - Pitching for Detroit Renaissance : RHP Jack Carr
|
Pitching: LHP José Guerrero
|
|
Batting: LHB Clay Rush
|
0-0: Foul Ball, location: 2F 0-1: Ball 1-1: Foul Ball, location: 2F 1-2: Ball 2-2: SINGLE (Line Drive, 8LS)
|
Batting: RHB Akihiko Oike
|
0-0: Ball 1-0: Ball 2-0: Called Strike 2-1: Swinging Strike 2-2: Foul Ball, location: 2F 2-2: Ground out 4-3 (Groundball, 6M) Clay Rush to second
|
Batting: RHB Pedro Mendoza
|
0-0: Ground out 6-3 (Groundball, 6)
|
Pinch Hitting: RHB Pete Knight
|
0-0: Ball 1-0: Foul Ball, location: 2F 1-1: Ball 2-1: Ball 3-1: Base on Balls
|
Batting: RHB Stan Pierce
|
0-0: Ball 1-0: Ball 2-0: Ball 3-0: Base on Balls Clay Rush to third Pete Knight to second
|
Batting: RHB Jon Erickson
|
0-0: Called Strike 0-1: Swinging Strike 0-2: Foul Ball, location: 2F 0-2: Strikes out swinging
|
Top of the 9th over - 0 run(s), 1 hit(s), 0 error(s), 3 left on base; Kingston Township 0 - Detroit 2 |
|